 Dungeon Crawl Stone Soup version 0.32-a0-975-g85d4e5bfdb (webtiles) character file.

Game seed: 8431812815011308961

47 trashops the Trooper (level 3, -4/33 HPs)
             Began as a Mountain Dwarf Fighter on Apr 19, 2024.
             Slain by a goblin
             ... wielding a +0 club
             ... led by Robin
              (6 damage)
             ... on level 2 of the Dungeon.
             The game lasted 00:01:39 (900 turns).

trashops the Trooper (Mountain Dwarf Fighter)        Turns: 900, Time: 00:01:39

Health: -4/33      AC:  7    Str: 20    XL:     3   Next: 48%
Magic:  3/3        EV:  8    Int:  8    God:
Gold:   15         SH:  4    Dex:  9    Spells: 2/2 levels left

rFire   . . .        a - +0 war axe
rCold   . . .        c - +0 buckler
rNeg    . . .        b - +0 scale mail
rPois   .            (no helmet)
rElec   .            (no cloak)
rCorr   .            (no gloves)
SInv    .            (no boots)
Will    .....        (no amulet) Stlth
                     (no ring)
HPRegen 0.25/turn    (no ring)
MPRegen 0.08/turn

%: no passive effects
@: hasted, very quick
A: runic magic, artefact enchanting
a: no special abilities


You were on level 2 of the Dungeon.
You visited 1 branch of the dungeon, and saw 2 of its levels.

You collected 45 gold pieces.
You spent 30 gold pieces at shops.

Inventory:

Hand Weapons
 a - a +0 war axe (weapon)
Missiles
 h - a throwing net (quivered)
Armour
 b - a +0 scale mail (worn)
 c - a +0 buckler (worn)
Scrolls
 g - a scroll of teleportation
Potions
 d - a potion of might
 e - 2 potions of ambrosia


   Skills:
 * Level 3.8 Fighting
 * Level 3.4 Axes
 + Level 3.7 Armour
 + Level 3.6 Shields


You had 2 spell levels left.
You didn't know any spells.
Your spell library contained the following spells:

 Spells                   Type           Power      Damage    Failure   Level
 Magic Dart               Conj           0%         1d3       56%         1
 Blink                    Tloc           0%         N/A       71%         2
 Call Imp                 Summ           0%         N/A       71%         2
 Fugue of the Fallen      Necr           0%         N/A       91%         3
 Ozocubu's Armour         Ice            0%         N/A       91%         3
 Manifold Assault         Tloc           0%         N/A       100%        7


Dungeon Overview and Level Annotations

Branches:
Dungeon (2/15)

Altars:

Shops:
D:1 ?=?

Annotations:
D:2 Robin


Innate Abilities, Weirdness & Mutations

Your spellcasting is much less encumbered by armour.
You can use scrolls of enchantment on lesser artefacts.


Message History

You barely miss the goblin. The goblin hits you with a +0 club.
Robin throws the goblin at you!
A goblin comes into view. It is wielding a +0 club.
The goblin hits you but does no damage.
You slash the goblin!
You kill the goblin!
You barely miss the goblin. You hit the goblin.
The goblin hits you but does no damage. x4; You block the goblin's attack.
You slash the goblin!
You kill the goblin!
You miss the goblin. You barely miss the goblin. The goblin barely misses you.
The goblin hits you with a +0 club.
You barely miss the hobgoblin. You closely miss the goblin. You hit the goblin.
A hobgoblin comes into view.
You block the goblin's attack.
Robin says, "A pitiful Dwarf like you will never find the ORB!"
The hobgoblin hits you.
* * * LOW HITPOINT WARNING * * *
The goblin hits you but does no damage. The goblin attacks as it pursues you!
The goblin hits you with a +0 club.
* * * LOW HITPOINT WARNING * * *
Robin throws the goblin at you! You block the goblin's attack.
It was a potion of haste.
You feel yourself speed up.
A hobgoblin comes into view.
The goblin hits you with a +0 club.
* * * LOW HITPOINT WARNING * * *
Robin roars a battlecry!
The goblin goes into a battle-frenzy!
The goblin hits you but does no damage. You block the goblin's attack.
The hobgoblin shouts!
You slash the goblin!
You kill the goblin!
You hit the goblin but do no damage. You completely miss the goblin.
The goblin barely misses you. The goblin hits you with a +0 club.
* * * LOW HITPOINT WARNING * * *
You slash the goblin!
You kill the goblin!
You barely miss the goblin. x2; The goblin barely misses you.
The goblin hits you with a +0 club.
You die...

...# #.?.#
#...# #
#...##.#
##......# ....
..
###.####)###..
....gggg)g.#.#
###.####@#.#.#
#..>#.#####.
#...........
#...#.######
##.##.#
##...#.#
##.###..###
#.#####.##
#....
#.......#
#..###


You could see Robin, 2 hobgoblins and 2 goblins.

Vanquished Creatures
  A gnoll (D:1)
  2 dart slugs (D:1)
  5 ball pythons (D:1)
  2 endoplasms (D:1)
  A giant cockroach (D:1)
  7 goblins
  3 hobgoblins (D:1)
  A jackal (D:1)
  4 kobolds
  A quokka (D:1)
  3 rats (D:1)
30 creatures vanquished.

Notes
Turn   | Place    | Note
-------+----------+-------------------------------------------
     0 | D:1      | trashops the Mountain Dwarf Fighter began the quest for the
                  | Orb.
     0 | D:1      | Reached XP level 1. HP: 19/19 MP: 1/1
   151 | D:1      | Reached XP level 2. HP: 26/26 MP: 2/2
   301 | D:1      | Reached XP level 3. HP: 33/33 MP: 3/3
   322 | D:1      | Found The Oracle's Delphic Readings.
   326 | D:1      | Bought a scroll of teleportation for 30 gold pieces
   374 | D:1      | Found Qicup's Jewellery Boutique.
   425 | D:1      | Found Wusotis's Magic Scroll Emporium.
   840 | D:2      | Found a faded altar of an unknown god.
   889 | D:2      | Noticed Robin
   900 | D:2      | Slain by a goblin

Illustrated notes

Levels and vault maps discovered:
D:1:      dpeg_arrival_erosion, layout_rooms, serial_shops, shop,
          nicolae_shop_real_fake_doors, nicolae_nh_oracle_at_delphi
D:2:      layout_loops_ring, basic_ecumenical_altar, serial_bayou_pond_e,
          uniq_sigmund, uniq_robin, uniq_jessica

Skill      XL: |  1  2 |
---------------+-------+-----
Axes           | 3 |  3.4
Fighting       | |  3.8
Armour         | |  3.7
Shields        | |  3.6

Action                     || total
---------------------------++-------
  Melee: War axe           ||    77
    Use: Scroll            ||     2
         Potion            ||     1
 Armour: Scale mail        ||    91
  Dodge: Dodged            ||    28
  Block: Buckler           ||    19

Table legend: (Time is in decaauts)
 A = Elapsed time spent in this place.
 B = Non-inter-level travel time spent in this place.
 C = Inter-level travel time spent in this place.
 D = Time resting spent in this place.
 E = Time spent auto-exploring this place.
 F = Levels seen in this place.
 G = Mean time per level.
                   A        B        C        D        E       F      G
               +--------+--------+--------+--------+--------+-----+--------+
         Total |    928 |    873 |     55 |      0 |    685 |   2 |  464.0 |
       Dungeon |    928 |    873 |     55 |      0 |    685 |   2 |  464.0 |
               +--------+--------+--------+--------+--------+-----+--------+

Top non-repeatable levels by time:
     D:1: 705 daAuts
     D:2: 223 daAuts
